 Dungeon Crawl Stone Soup version 0.23-b1-13-gf37ab262a9 (webtiles) character file.

Game seed: 14814568658652504655

1026 Morrissey the Poker (level 8, -2/61 HPs)
             Began as a Merfolk Skald on Feb 3, 2019.
             Slain by a hornet zombie (4 damage)
             ... on level 5 of the Dungeon.
             The game lasted 00:10:53 (5266 turns).

Morrissey the Poker (Merfolk Skald)                 Turns: 5266, Time: 00:10:54

Health: -2/61      AC:  4    Str: 11    XL:     8   Next: 23%
Magic:  6/11       EV: 17    Int:  8    God:
Gold:   277        SH:  0    Dex: 19    Spells: 2/11 levels left

rFire    + + .     SeeInvis .   b - +0 halberd
rCold    . . .     Gourm    .   (shield currently unavailable)
rNeg     . . .     Faith    .   m - +2 robe {rF+}
rPois    +         Spirit   .   (no helmet)
rElec    .         Reflect  .   (no cloak)
rCorr    .         Harm     .   (no gloves)
MR       +....                  (no boots)
Stlth    +++.......             (no amulet)
HPRegen  0.20/turn              l - ring of protection from magic
MPRegen  0.12/turn              s - ring "Jehoewk" {rPois rF+ Int-4 Dex+3 Stlth+}

@: very slightly contaminated
A: change form in water, swift swim, stealthy swim
a: no special abilities


You were on level 5 of the Dungeon.
You were not hungry.

You visited 1 branch of the dungeon, and saw 5 of its levels.

You collected 277 gold pieces.

Inventory:

Hand Weapons
 a - a +0 spear
 b - a +0 halberd (weapon)
Armour
 m - a +2 robe of fire resistance (worn)
Jewellery
 l - a ring of protection from magic (left hand)
 s - the ring "Jehoewk" (right hand) {rPois rF+ Int-4 Dex+3 Stlth+}
   (You found it on level 5 of the Dungeon)

   [ring of stealth]

   It affects your intelligence (-4).
   It affects your dexterity (+3).
   It protects you from fire.
   It protects you from poison.
   It makes you more stealthy.
Scrolls
 e - 3 scrolls of fear {unknown}
 f - 3 scrolls of identify {unknown}
 g - a scroll of noise {unknown}
 h - 3 scrolls of blinking {unknown}
 i - 4 scrolls of remove curse {unknown}
 j - 2 scrolls of teleportation {unknown}
 k - 5 scrolls of amnesia {unknown}
 o - a scroll of enchant armour {unknown}
 q - a scroll of enchant weapon {unknown}
Potions
 c - a potion of magic
 n - 3 potions of curing {unknown}
 p - a potion of mutation {unknown}
Comestibles
 d - 5 rations
 r - 6 chunks of flesh


   Skills:
 + Level 4.4 Fighting
 * Level 7.4 Polearms
 - Level 0.6 Armour
 * Level 6.8 Dodging
 - Level 2.0 Spellcasting
 + Level 3.1 Hexes
 + Level 5.4 Charms


You had 2 spell levels left.
You knew the following spells:

 Your Spells              Type           Power        Failure   Level  Hunger
a - Infusion              Chrm           #...         3%          1    ##.....
b - Shroud of Golubria    Chrm/Tloc      #.........   19%         2    ###....
c - Spectral Weapon       Hex/Chrm       #.......     19%         3    ####...
d - Regeneration          Chrm/Necr      #.........   34%         3    ####...

Your spell library contained the following spells:

 Spells                   Type           Power        Failure   Level  Hunger
 Song of Slaying          Chrm           #.......     6%          2    ###....


Dungeon Overview and Level Annotations

Branches:
Dungeon (5/15)
 Temple: D:4-7

Altars:
Qazlal
Ru
Wu Jian
Xom
Yredelemnul
Zin
The Shining One


Message History

You draw out your weapon's spirit!
The quokka skeleton bites you but does no damage.
You hit the quokka skeleton.
The quokka skeleton is lightly damaged.
Your spectral weapon barely misses the quokka skeleton.
The quokka skeleton bites you.
* * * LOW HITPOINT WARNING * * *
You slash the quokka skeleton!
You destroy the quokka skeleton!
The hornet zombie hits your spectral weapon!
Your spectral weapon shares its damage with you!
* * * LOW HITPOINT WARNING * * *
The hornet zombie misses your spectral weapon.
You swap places.
The hornet zombie hits you but does no damage.
You hit the hornet zombie.
The hornet zombie is severely damaged.
Your spectral weapon hits the hornet zombie from afar.
The hornet zombie hits you.
You die...

#.....#.............#
#....#..........#
##...............
#..####........# ... #..#
#........# ... #..#
#........# ..
#..####.#......# ..
####.##......####.# (#####
##.).Z@(.###..### .....
.....#..#####.....# ..#
#####...# #<....#.# ..#
#.....# #..[....# #.#
###.....#####.....### #.##
####.................#
#..###.>..#.....#####.....#
##..##.####.....# #.....#
##....# #...รท.# #######


You could see a hornet zombie and a friendly spectral +0 halberd.

Vanquished Creatures
  2 ogres (D:4)
  3 hounds
  A gnoll shaman (D:4)
  2 iguanas
  2 worker ants
  47 gnolls
  3 adders
  3 oozes
  2 worms (D:3)
  3 dart slugs
  3 leopard geckos
  5 orcs
  5 bats
  2 giant cockroaches
  6 goblins
  9 hobgoblins
  28 jackals
  7 kobolds
  A quokka (D:4)
  3 ball pythons
  5 frilled lizards
  A quokka skeleton (D:5)
  6 rats
149 creatures vanquished.

Vanquished Creatures (others)
  A spectral weapon (D:4)
1 creature vanquished.

Grand Total: 150 creatures vanquished

Notes
Turn   | Place    | Note
-------+----------+-------------------------------------------
     0 | D:1      | Morrissey the Merfolk Skald began the quest for the Orb.
     0 | D:1      | Reached XP level 1. HP: 16/16 MP: 3/3
   123 | D:1      | Reached XP level 2. HP: 18/23 MP: 0/5
   267 | D:1      | Reached XP level 3. HP: 28/28 MP: 6/6
   755 | D:2      | Reached skill level 4 in Polearms
   794 | D:2      | Reached XP level 4. HP: 30/34 MP: 7/7
   860 | D:2      | Learned a level 3 spell: Spectral Weapon
  1469 | D:3      | HP: 1/34 [leopard gecko (2)]
  1917 | D:3      | Learned a level 2 spell: Shroud of Golubria
  1944 | D:3      | Reached skill level 1 in Hexes
  1944 | D:3      | Reached XP level 5. HP: 17/41 MP: 4/8
  2083 | D:3      | Found a faded altar of an unknown god.
  2343 | D:3      | Found a sacrificial altar of Ru.
  2482 | D:3      | Found a basalt altar of Yredelemnul.
  2493 | D:3      | Found a glowing golden altar of the Shining One.
  2496 | D:3      | Noticed an angel
  2655 | D:4      | Reached skill level 5 in Polearms
  2655 | D:4      | Reached XP level 6. HP: 34/47 MP: 1/9
  3030 | D:4      | Learned a level 3 spell: Regeneration
  3389 | D:4      | Reached skill level 5 in Dodging
  3427 | D:5      | Entered Level 5 of the Dungeon
  3701 | D:4      | Reached skill level 6 in Polearms
  3701 | D:4      | Reached XP level 7. HP: 38/53 MP: 2/10
  3946 | D:4      | Reached skill level 5 in Charms
  4689 | D:4      | Reached skill level 7 in Polearms
  4689 | D:4      | Reached XP level 8. HP: 60/60 MP: 7/11
  5058 | D:5      | Found a glowing silver altar of Zin.
  5108 | D:5      | Found a shimmering altar of Xom.
  5115 | D:5      | Found a stormy altar of Qazlal.
  5169 | D:5      | Found an ornate altar of the Wu Jian Council.
  5173 | D:5      | Got a flickering pewter ring
  5174 | D:5      | Identified the ring "Jehoewk" {rPois rF+ Int-4 Dex+3
                  | Stlth+} (You found it on level 5 of the Dungeon)
  5263 | D:5      | HP: 3/61 [quokka skeleton (3)]
  5264 | D:5      | HP: 1/61 [hornet zombie (2)]
  5266 | D:5      | Slain by a hornet zombie

Skill      XL: |  1  2  3  4  5  6  7  8 |
---------------+-------------------------+-----
Dodging        | 3 4 5 6 |  6.8
Charms         | 4 5 |  5.4
Polearms       | 4 5 6 7 |  7.4
Fighting       | 3 4 |  4.4
Hexes          | 1 2 3 |  3.1
Armour         | |  0.6
Spellcasting   | |  2.0

Action                   |  1- 3 |  4- 6 |  7- 9 || total
-------------------------+-------+-------+-------++-------
Melee: Spear             |   122 |   365 |   142 ||   629
       Tailslap          |       |     7 |    21 ||    28
       Halberd           |       |       |   105 ||   105
 Cast: Infusion          |     4 |     5 |       ||     9
       Spectral Weapon   |       |     5 |     8 ||    13
       Shroud of Golubri |       |     4 |     1 ||     5
  Use: Potion            |       |     2 |       ||     2
 Stab: Sleeping          |       |     2 |     2 ||     4
       Distracted        |       |       |     2 ||     2
  Eat: Chunk             |       |    11 |     7 ||    18
Armor: Leather armour    |    19 |    40 |       ||    59
       Robe              |       |     9 |    15 ||    24
Dodge: Dodged            |    68 |   208 |   178 ||   454
